Coyotes vs Blue Jackets (R1)

Created - April 12, 2018 at 19:24

Goals
1 2 3 T
Coyotes 3 0 1 4
Blue Jackets 0 1 1 2
Shots
1 2 3 T
Coyotes 9 12 9 30
Blue Jackets 13 5 5 23

1st period

1. Coyotes , Zach Parise 42 (Nazem Kadri 27, Anton Stralman 43) at 8:37 (PP)
2. Coyotes , Marian Gaborik 40 (Nazem Kadri 28, Zach Parise 43) at 11:49
3. Coyotes , Brad Richards 31 (Tyler Ennis 37, Kristopher Letang 44) at 17:47

Penalties :
Andreas Nodl (Clb) for High sticking (Minor) at 7:16

2nd period

4. Blue Jackets , Torey Krug 2 (Mike Brown 25, Martin Havlat 46) at 8:27

Penalties :
Peter Worrell (Clb) for High sticking (Minor) at 3:57, A.J Thelen (Clb) for Hooking (Minor) at 9:37

3rd period

5. Coyotes , Enver Lisin 12 (Brooks Laich 12, Chris Stewart 13) at 8:54
6. Blue Jackets , Dave Steckel 3 (Mike Brown 26, Peter Worrell 14) at 15:17 (PP)

Penalties :
Branislav Mezei (Clb) for Hooking (Minor) at 0:21, Branislav Mezei (Clb) for Hooking (Minor) at 5:51, Peter Worrell (Clb) for Hooking (Minor) at 6:42, Dave Steckel (Clb) for Roughing (Minor) at 10:16, Michael Del Zotto (Ari) for Holding (Minor) at 14:49

Goalie Stats

Cam Ward (Ari), 21 saves from 23 shots - (0.913), W, 9-11-5, 60:00 minutes
Rick DiPietro (Clb), 26 saves from 30 shots - (0.867), L, 29-32-3, 60:00 minutes

Players Stats for Coyotes

Player Name              G  A  P  +/- PIM S  H  SB GA TA FO     MP     PP MP  PK MP  
------------------------------------------------------------------------------------
Anton Stralman           0  1  1   0  0   0  0  1  0  0  0/0    24:02   4:36   0:28 
Brad Richards            1  0  1   1  0   3  5  0  0  0  17/30  22:25   6:44   0:28 
Brooks Laich             0  1  1   1  0   2  0  0  0  0  2/3     8:17   0:00   0:00 
Chris Stewart            0  1  1   0  0   0  0  0  0  0  0/0    10:49   0:07   0:00 
Enver Lisin              1  0  1   1  0   3  0  0  0  0  0/1     8:20   0:03   0:00 
Greg Zanon               0  0  0   2  0   0  1  1  0  1  0/0    13:32   0:00   0:28 
Jarome Iginla            0  0  0   1  0   2  0  0  0  0  1/1    21:57   6:44   0:00 
Josh Gorges              0  0  0   0  0   0  0  1  0  0  0/0    21:12   4:36   0:00 
Kristopher Letang        0  1  1   0  0   2  1  0  0  0  0/0    26:15   7:31   0:00 
Marian Gaborik           1  0  1   0  0   3  2  1  0  1  0/0    18:29   5:16   0:00 
Mark Bell                0  0  0   1  0   1  3  0  0  0  0/0     8:44   0:00   0:00 
Martin Samuelsson        0  0  0   0  0   3  2  2  0  0  0/0    10:39   0:00   0:28 
Matt Donovan             0  0  0   2  0   2  0  0  0  0  0/0    12:49   0:00   0:00 
Maxim Talbot             0  0  0   0  0   0  5  0  0  0  1/1    10:49   0:07   0:00 
Michael Del Zotto        0  0  0   0  2   1  1  0  0  0  0/0    22:09   7:31   0:00 
Nazem Kadri              0  2  2   0  0   2  2  0  0  0  5/10   18:29   5:16   0:00 
Tyler Ennis              0  1  1   1  0   3  1  1  2  0  3/5    22:05   6:48   0:00 
Zach Parise              1  1  2   0  0   3  1  0  2  0  0/1    18:29   5:16   0:00 

Players Stats for Blue Jackets

Player Name              G  A  P  +/- PIM S  H  SB GA TA FO     MP     PP MP  PK MP  
------------------------------------------------------------------------------------
A.J Thelen               0  0  0  -1  2   0  0  0  0  0  0/0     5:59   0:00   0:03 
Andreas Nodl             0  0  0  -1  2   2  0  1  0  0  0/2    13:47   0:00   0:00 
Branislav Mezei          0  0  0  -1  4   4  2  0  0  0  0/0    21:59   0:23   5:15 
Dave Steckel             1  0  1  -1  2   3  1  1  0  0  5/7    17:00   0:13   0:47 
David Booth              0  0  0   0  0   1  1  0  0  1  7/19   24:47   0:15   6:54 
François Beauchemin      0  0  0   0  0   0  0  0  0  0  0/0    18:15   0:05   3:53 
Jeff Taffe               0  0  0   0  0   0  1  0  0  0  0/0     5:00   0:00   1:03 
Kevin Porter             0  0  0  -1  0   1  3  0  0  0  2/6    15:41   0:00   2:32 
Martin Havlat            0  1  1  -1  0   0  1  1  0  0  0/0    24:33   0:15   6:29 
Mike Brown               0  2  2   0  0   3  0  0  0  0  0/0    16:19   0:13   0:00 
Mike Commodore           0  0  0  -2  0   0  0  1  0  0  0/0     6:35   0:00   0:42 
Mike Lundin              0  0  0   0  0   1  0  0  1  0  0/0    24:39   0:23   7:52 
Mike York                0  0  0  -1  0   3  1  0  0  1  0/1    16:16   0:00   3:15 
Peter Mueller            0  0  0   0  0   2  0  1  0  0  9/16   14:54   0:15   0:00 
Peter Worrell            0  1  1  -1  4   1  4  1  1  0  0/1    18:21   0:13   2:05 
Ryan O'Byrne             0  0  0   0  0   1  1  3  0  1  0/0    18:15   0:05   3:53 
Tim Ramholt              0  0  0   0  0   0  0  2  0  1  0/0    13:27   0:00   2:36 
Torey Krug               1  0  1   0  0   1  0  2  0  0  0/0    10:51   0:00   0:00 

3 Stars

1 - Brad Richards (Ari)
2 - Zach Parise (Ari)
3 - Marian Gaborik (Ari)

Power Play

Coyotes - 1 on 7 Attempt(s) - 14.29%
Blue Jackets - 1 on 1 Attempt(s) - 100.00%

Penalty Kill

Coyotes - 0 on 1 Attempt(s) - 0.00% - Score 0 goal in Penalty Kill
Blue Jackets - 6 on 7 Attempt(s) - 85.71% - Score 0 goal in Penalty Kill

Team Stat

Coyotes - Hits : 24 - Faceoff Wins : 29 - Blocked Shots : 7 - Penalty Minutes : 2
Blue Jackets - Hits : 15 - Faceoff Wins : 23 - Blocked Shots : 13 - Penalty Minutes : 14

Official

Referees : Kowal Tom and McCreary Bill
Linesman : Tony Sericolo and Vaughan Rody

Game Notes

6:55 of 3rd period - Coyotes goal is going for a video replay. After video review, No Goal. The referee deems the play has been stopped, even if he had not physically had the opportunity to stop play by blowing his whistle.
Josh Gorges is injured at 18:48 of 3rd period (Sore Left Knee)

Finance

Level 1 -- Attendance: 4971 (82.85%) -- Ticket Income $472,245
Level 2 -- Attendance: 3680 (73.60%) -- Ticket Income $220,800
Level 3 -- Attendance: 1740 (87.00%) -- Ticket Income $60,900
Level 4 -- Attendance: 4000 (100.00%) -- Ticket Income $100,000
Luxury Box -- Attendance: 727 (72.70%) -- Ticket Income $138,130
Game was played at the Ohio State Arena.
Total Attendance: 15118 (83.99%)
Total Ticket Income: $992,075
Other Income: $148,811
Total Income: $1,140,886

Coyotes

5 vs 5 Forward 
   Center                   Left Wing                Right Wing               Time % Phy DF OF 
 1 Brad Richards            Tyler Ennis              Jarome Iginla            40     0   2  3  
 2 Nazem Kadri              Zach Parise              Marian Gaborik           35     0   2  3  
 3 Maxim Talbot             Martin Samuelsson        Chris Stewart            15     0   3  2  
 4 Brooks Laich             Mark Bell                Enver Lisin              10     1   2  2  

5 vs 5 Defense 
   Defense                  Defense                                           Time % Phy DF OF 
 1 Kristopher Letang        Anton Stralman                                    40     0   3  2  
 2 Josh Gorges              Michael Del Zotto                                 30     0   3  2  
 3 Greg Zanon               Matt Donovan                                      20     0   3  2  
 4 Kristopher Letang        Josh Gorges                                       10     0   2  3  

PowerPlay Forward 
   Center                   Left Wing                Right Wing               Time % Phy DF OF 
 1 Brad Richards            Tyler Ennis              Jarome Iginla            60     0   1  4  
 2 Nazem Kadri              Zach Parise              Marian Gaborik           40     0   1  4  

PowerPlay Defense
   Defense                  Defense                                           Time % Phy DF OF 
 1 Kristopher Letang        Michael Del Zotto                                 60     0   2  3  
 2 Josh Gorges              Anton Stralman                                    40     0   2  3  

Penalty Kill 4 Players Forward 
   Center                   Wing                     Time % Phy DF OF 
 1 Brad Richards            Martin Samuelsson        60     1   3  1  
 2 Maxim Talbot             Zach Parise              40     1   3  1  

Penalty Kill 4 Players Defense
   Defense                  Defense                  Time % Phy DF OF 
 1 Greg Zanon               Anton Stralman           60     1   4  0  
 2 Josh Gorges              Kristopher Letang        40     1   4  0  

Penalty Kill - 3 Players Forward 
   Forward                                           Time % Phy DF OF 
 1 Tyler Ennis                                       60     0   2  3  
 2 Jarome Iginla                                     40     0   2  3  

Penalty Kill - 3 Players Defense
   Defense                  Defense                  Time % Phy DF OF 
 1 Kristopher Letang        Anton Stralman           60     0   3  2  
 2 Josh Gorges              Michael Del Zotto        40     0   3  2  

4 vs 4 Forward 
   Center                   Wing                     Time % Phy DF OF 
 1 Brad Richards            Jarome Iginla            60     0   2  3  
 2 Nazem Kadri              Marian Gaborik           40     0   2  3  

4 vs 4 Defense
   Defense                  Defense                  Time % Phy DF OF 
 1 Kristopher Letang        Anton Stralman           60     0   3  2  
 2 Josh Gorges              Michael Del Zotto        40     0   3  2  

Last Minutes Offensive
   Center                   Left Wing                Right Wing               Defense                  Defense                  
   Brad Richards            Tyler Ennis              Jarome Iginla            Kristopher Letang        Michael Del Zotto        

Last Minutes Defensive
   Center                   Left Wing                Right Wing               Defense                  Defense                  
   Brad Richards            Zach Parise              Jarome Iginla            Greg Zanon               Anton Stralman           

Goaltenders
Starting : Cam Ward                 
Backup : Maxime Daigneault        

Extra Forwards
Normal : Chris Stewart, Mark Bell, Maxim Talbot - PP : Chris Stewart, Maxim Talbot - PK : Jarome Iginla
Extra Defensemen
Normal : Michael Del Zotto, Greg Zanon, Matt Donovan - PP : Matt Donovan - PK : Matt Donovan, Michael Del Zotto
Penalty Shots
Tyler Ennis, Marian Gaborik, Brad Richards, Zach Parise, Brooks Laich

Scratches
Chris Neil (Healthy)

Blue Jackets

5 vs 5 Forward 
   Center                   Left Wing                Right Wing               Time % Phy DF OF 
 1 Peter Mueller            David Booth              Martin Havlat            40     1   2  2  
 2 Dave Steckel             Peter Worrell            Mike Brown               30     1   2  2  
 3 Kevin Porter             Mike York                Andreas Nodl             20     1   2  2  
 4 David Booth              Jeff Taffe               Martin Havlat            10     1   2  2  

5 vs 5 Defense 
   Defense                  Defense                                           Time % Phy DF OF 
 1 Mike Lundin              Branislav Mezei                                   40     1   2  2  
 2 Ryan O'Byrne             François Beauchemin                               30     1   2  2  
 3 Torey Krug               Tim Ramholt                                       20     1   2  2  
 4 Mike Commodore           A.J Thelen                                        10     1   2  2  

PowerPlay Forward 
   Center                   Left Wing                Right Wing               Time % Phy DF OF 
 1 Peter Mueller            David Booth              Martin Havlat            60     1   2  2  
 2 Dave Steckel             Peter Worrell            Mike Brown               40     1   2  2  

PowerPlay Defense
   Defense                  Defense                                           Time % Phy DF OF 
 1 Mike Lundin              Branislav Mezei                                   60     1   2  2  
 2 Ryan O'Byrne             François Beauchemin                               40     1   2  2  

Penalty Kill 4 Players Forward 
   Center                   Wing                     Time % Phy DF OF 
 1 David Booth              Martin Havlat            60     1   2  2  
 2 Peter Worrell            Mike York                40     1   2  2  

Penalty Kill 4 Players Defense
   Defense                  Defense                  Time % Phy DF OF 
 1 Mike Lundin              Branislav Mezei          60     1   2  2  
 2 Ryan O'Byrne             François Beauchemin      40     1   2  2  

Penalty Kill - 3 Players Forward 
   Forward                                           Time % Phy DF OF 
 1 David Booth                                       60     1   2  2  
 2 Martin Havlat                                     40     1   2  2  

Penalty Kill - 3 Players Defense
   Defense                  Defense                  Time % Phy DF OF 
 1 Mike Lundin              Branislav Mezei          60     1   2  2  
 2 Ryan O'Byrne             François Beauchemin      40     1   2  2  

4 vs 4 Forward 
   Center                   Wing                     Time % Phy DF OF 
 1 David Booth              Martin Havlat            60     1   2  2  
 2 Peter Worrell            Mike York                40     1   2  2  

4 vs 4 Defense
   Defense                  Defense                  Time % Phy DF OF 
 1 Mike Lundin              Branislav Mezei          60     1   2  2  
 2 Ryan O'Byrne             François Beauchemin      40     1   2  2  

Last Minutes Offensive
   Center                   Left Wing                Right Wing               Defense                  Defense                  
   Peter Mueller            David Booth              Martin Havlat            Mike Lundin              Branislav Mezei          

Last Minutes Defensive
   Center                   Left Wing                Right Wing               Defense                  Defense                  
   Peter Mueller            David Booth              Martin Havlat            Mike Lundin              Branislav Mezei          

Goaltenders
Starting : Rick DiPietro            
Backup : Keith Kinkaid            

Extra Forwards
Normal : Andreas Nodl, Jeff Taffe, Kevin Porter - PP : Andreas Nodl, Jeff Taffe - PK : Kevin Porter
Extra Defensemen
Normal : Torey Krug, Tim Ramholt, Mike Commodore - PP : Torey Krug - PK : Tim Ramholt, Mike Commodore
Penalty Shots
David Booth, Martin Havlat, Peter Worrell, Mike York, Mike Brown

Scratches
Antti Miettinen (Healthy), Jan Bulis (Healthy), Patrick O'Sullivan (Healthy)

% Time on Ice - Coyotes

Lines # - Real PCT - Wanted PCT - Time Play
Normal Forward
1 - 33% - 40% - 15:44
2 - 28% - 35% - 13:13
3 - 21% - 15% - 10:11
4 - 17% - 10% - 8:17
Normal Defense
1 - 37% - 40% - 17:45
2 - 33% - 30% - 15:52
3 - 27% - 20% - 12:49
4 - 2% - 10% - 0:59
PP Forward
1 - 57% - 60% - 6:51
2 - 43% - 40% - 5:16
PP Defense
1 - 62% - 60% - 7:31
2 - 38% - 40% - 4:36
PK Forward
1 - 100% - 60% - 0:28
2 - 0% - 40% - 0:00
PK Defense
1 - 100% - 60% - 0:28
2 - 0% - 40% - 0:00
PK3 Forward
1 - 0% - 60%
2 - 0% - 40%
PK3 Defense
1 - 0% - 60%
2 - 0% - 40%
44 Forward
1 - 0% - 60%
2 - 0% - 40%
44 Defense
1 - 0% - 60%
2 - 0% - 40%
Last Minute Offensive  - 0:00
Last Minute Defensive  - 0:00
Total
Forward - 60:00
Defense - 60:00

% Time on Ice - Blue Jackets

Lines # - Real PCT - Wanted PCT - Time Play
Normal Forward
1 - 32% - 40% - 15:08
2 - 34% - 30% - 15:55
3 - 27% - 20% - 12:54
4 - 7% - 10% - 3:28
Normal Defense
1 - 35% - 40% - 16:37
2 - 30% - 30% - 14:17
3 - 23% - 20% - 10:51
4 - 12% - 10% - 5:40
PP Forward
1 - 54% - 60% - 0:15
2 - 46% - 40% - 0:13
PP Defense
1 - 82% - 60% - 0:23
2 - 18% - 40% - 0:05
PK Forward
1 - 70% - 60% - 7:44
2 - 30% - 40% - 3:15
PK Defense
1 - 65% - 60% - 7:06
2 - 35% - 40% - 3:53
PK3 Forward
1 - 90% - 60% - 1:01
2 - 10% - 40% - 0:07
PK3 Defense
1 - 100% - 60% - 1:08
2 - 0% - 40% - 0:00
44 Forward
1 - 0% - 60%
2 - 0% - 40%
44 Defense
1 - 0% - 60%
2 - 0% - 40%
Last Minute Offensive  - 0:00
Last Minute Defensive  - 0:00
Total
Forward - 60:00
Defense - 60:00

Play by Play

1st period


0:01 of 1st period - Peter Mueller wins face-off versus Brad Richards in neutral zone.
0:51 of 1st period - Slapshot by Mike York.
0:51 of 1st period - Stopped by Cam Ward with a rebound.
0:53 of 1st period - Snap shot by Kevin Porter.
0:53 of 1st period - Stopped by Cam Ward with a rebound.
1:13 of 1st period - Wrist shot by David Booth.
1:13 of 1st period - Stopped by Cam Ward with a rebound.
1:23 of 1st period - Snap shot by Mike Brown.
1:23 of 1st period - Stopped by Cam Ward without a rebound.
1:24 of 1st period - Brad Richards wins face-off versus Dave Steckel in Coyotes zone.
1:35 of 1st period - Wrist shot by Mike Brown.
1:35 of 1st period - Shot Misses the Net.
2:15 of 1st period - Icing by Chris Stewart.
2:16 of 1st period - Maxim Talbot wins face-off versus Peter Mueller in Coyotes zone.
2:25 of 1st period - Slapshot by Matt Donovan.
2:25 of 1st period - Shot Blocked by Tim Ramholt.
2:48 of 1st period - Off-side.
2:49 of 1st period - Brad Richards wins face-off versus Andreas Nodl in neutral zone.
3:02 of 1st period - Snap shot by Branislav Mezei.
3:02 of 1st period - Stopped by Cam Ward with a rebound.
3:04 of 1st period - Slapshot by Branislav Mezei.
3:04 of 1st period - Stopped by Cam Ward without a rebound.
3:05 of 1st period - Nazem Kadri wins face-off versus David Booth in Coyotes zone.
3:21 of 1st period - Wrist shot by Peter Mueller.
3:21 of 1st period - Stopped by Cam Ward without a rebound.
3:22 of 1st period - Brad Richards wins face-off versus David Booth in Coyotes zone.
3:28 of 1st period - Icing by Jarome Iginla.
3:29 of 1st period - David Booth wins face-off versus Tyler Ennis in Coyotes zone.
3:54 of 1st period - Slapshot by Andreas Nodl.
3:54 of 1st period - Stopped by Cam Ward with a rebound.
3:56 of 1st period - Slapshot by Kevin Porter.
3:56 of 1st period - Shot Blocked by Greg Zanon.
3:58 of 1st period - Snap shot by Mike York.
3:58 of 1st period - Stopped by Cam Ward with a rebound.
4:05 of 1st period - Snap shot by Mike York.
4:05 of 1st period - Shot Misses the Net.
4:15 of 1st period - Branislav Mezei is hit by Mark Bell and loses puck.
4:38 of 1st period - Snap shot by Peter Mueller.
4:38 of 1st period - Shot Misses the Net.
5:46 of 1st period - Slapshot by Kristopher Letang.
5:46 of 1st period - Stopped by Rick DiPietro without a rebound.
5:47 of 1st period - Kevin Porter wins face-off versus Brad Richards in Blue Jackets zone.
5:47 of 1st period - Kevin Porter is hit by Brad Richards.
6:16 of 1st period - Snap shot by Marian Gaborik.
6:16 of 1st period - Shot Blocked by Peter Mueller.
6:36 of 1st period - Enver Lisin is hit by Peter Worrell and loses puck.
6:57 of 1st period - Wrist shot by Maxim Talbot.
6:57 of 1st period - Shot Misses the Net.
6:59 of 1st period - Snap shot by Martin Samuelsson.
6:59 of 1st period - Stopped by Rick DiPietro with a rebound.
7:01 of 1st period - Slapshot by Matt Donovan.
7:01 of 1st period - Shot Misses the Net.
7:03 of 1st period - Snap shot by Martin Samuelsson.
7:03 of 1st period - Shot Blocked by Andreas Nodl.
7:16 of 1st period - Minor Penalty to Andreas Nodl for High sticking.
7:17 of 1st period - David Booth wins face-off versus Brad Richards in Blue Jackets zone.
7:48 of 1st period - Wrist shot by Zach Parise.
7:48 of 1st period - Stopped by Rick DiPietro without a rebound.
7:49 of 1st period - Brad Richards wins face-off versus Peter Worrell in Blue Jackets zone.
8:03 of 1st period - Icing by Anton Stralman.
8:04 of 1st period - David Booth wins face-off versus Brad Richards in Coyotes zone.
8:37 of 1st period - Wrist shot by Zach Parise.
8:37 of 1st period - Goal by Zach Parise - Coyotes : 1 - Blue Jackets : 0.
8:38 of 1st period - Tyler Ennis wins face-off versus Peter Mueller in neutral zone.
8:52 of 1st period - Snap shot by David Booth.
8:52 of 1st period - Shot Blocked by Tyler Ennis.
8:54 of 1st period - Slapshot by Ryan O'Byrne.
8:54 of 1st period - Stopped by Cam Ward with a rebound.
9:52 of 1st period - Mike Lundin is hit by Martin Samuelsson and loses puck.
10:43 of 1st period - Michael Del Zotto is hit by Peter Worrell and loses puck.
11:17 of 1st period - Off-side.
11:18 of 1st period - Peter Mueller wins face-off versus Brad Richards in neutral zone.
11:47 of 1st period - Snap shot by Nazem Kadri.
11:47 of 1st period - Stopped by Rick DiPietro with a rebound.
11:49 of 1st period - Snap shot by Marian Gaborik.
11:49 of 1st period - Goal by Marian Gaborik - Coyotes : 2 - Blue Jackets : 0.
11:50 of 1st period - Brad Richards wins face-off versus Peter Mueller in neutral zone.
12:22 of 1st period - Slapshot by Nazem Kadri.
12:22 of 1st period - Stopped by Rick DiPietro with a rebound.
12:24 of 1st period - Wrist shot by Zach Parise.
12:24 of 1st period - Shot Blocked by Ryan O'Byrne.
12:26 of 1st period - Wrist shot by Michael Del Zotto.
12:26 of 1st period - Shot Misses the Net.
12:37 of 1st period - Off-side.
12:38 of 1st period - Brooks Laich wins face-off versus Kevin Porter in neutral zone.
13:07 of 1st period - Snap shot by Kevin Porter.
13:07 of 1st period - Shot Misses the Net.
13:09 of 1st period - Slapshot by Mike Lundin.
13:09 of 1st period - Shot Misses the Net.
13:11 of 1st period - Slapshot by Branislav Mezei.
13:11 of 1st period - Stopped by Cam Ward without a rebound.
13:12 of 1st period - Brad Richards wins face-off versus Peter Mueller in Coyotes zone.
13:19 of 1st period - David Booth is hit by Kristopher Letang and loses puck.
13:26 of 1st period - Slapshot by Tyler Ennis.
13:26 of 1st period - Shot Hit the Post.
13:28 of 1st period - Snap shot by Tyler Ennis.
13:28 of 1st period - Shot Misses the Net.
13:49 of 1st period - Wrist shot by Peter Mueller.
13:49 of 1st period - Stopped by Cam Ward with a rebound.
14:03 of 1st period - Zach Parise is hit by Peter Worrell and loses puck.
14:08 of 1st period - Snap shot by Mike Brown.
14:08 of 1st period - Stopped by Cam Ward without a rebound.
14:09 of 1st period - Brad Richards wins face-off versus Dave Steckel in Coyotes zone.
14:16 of 1st period - Wrist shot by Mike Brown.
14:16 of 1st period - Shot Hit the Post.
15:24 of 1st period - Off-side.
15:25 of 1st period - Jarome Iginla wins face-off versus Kevin Porter in neutral zone.
17:15 of 1st period - Snap shot by Zach Parise.
17:15 of 1st period - Shot Misses the Net.
17:27 of 1st period - Snap shot by Kristopher Letang.
17:27 of 1st period - Stopped by Rick DiPietro with a rebound.
17:29 of 1st period - Snap shot by Maxim Talbot.
17:29 of 1st period - Shot Misses the Net.
17:31 of 1st period - Slapshot by Kristopher Letang.
17:31 of 1st period - Shot Blocked by Torey Krug.
17:47 of 1st period - Snap shot by Brad Richards.
17:47 of 1st period - Goal by Brad Richards - Coyotes : 3 - Blue Jackets : 0.
17:48 of 1st period - David Booth wins face-off versus Brad Richards in neutral zone.
19:02 of 1st period - Peter Mueller is hit by Maxim Talbot and loses puck.
19:35 of 1st period - Wrist shot by Marian Gaborik.
19:35 of 1st period - Shot Blocked by Ryan O'Byrne.
19:37 of 1st period - Wrist shot by Marian Gaborik.
19:37 of 1st period - Shot Misses the Net.
Goals for this period are 3 for Coyotes vs 0 for Blue Jackets.
Shots for this period are 9 for Coyotes vs 13 for Blue Jackets.

2nd period


0:01 of 2nd period - Peter Mueller wins face-off versus Brad Richards in neutral zone.
0:06 of 2nd period - Slapshot by Branislav Mezei.
0:06 of 2nd period - Shot Misses the Net.
0:08 of 2nd period - Slapshot by Mike Lundin.
0:08 of 2nd period - Stopped by Cam Ward without a rebound.
0:09 of 2nd period - Brad Richards wins face-off versus Peter Mueller in Coyotes zone.
1:14 of 2nd period - Wrist shot by Martin Havlat.
1:14 of 2nd period - Shot Misses the Net.
1:16 of 2nd period - Slapshot by Branislav Mezei.
1:16 of 2nd period - Stopped by Cam Ward without a rebound.
1:17 of 2nd period - Dave Steckel wins face-off versus Zach Parise in Coyotes zone.
1:20 of 2nd period - Wrist shot by Dave Steckel.
1:20 of 2nd period - Stopped by Cam Ward without a rebound.
1:21 of 2nd period - Dave Steckel wins face-off versus Nazem Kadri in Coyotes zone.
1:26 of 2nd period - Snap shot by Mike Brown.
1:26 of 2nd period - Stopped by Cam Ward with a rebound.
2:21 of 2nd period - Slapshot by Marian Gaborik.
2:21 of 2nd period - Shot Misses the Net.
2:23 of 2nd period - Slapshot by Nazem Kadri.
2:23 of 2nd period - Shot Blocked by Martin Havlat.
2:49 of 2nd period - Tyler Ennis is hit by Peter Worrell and loses puck.
3:02 of 2nd period - Slapshot by Enver Lisin.
3:02 of 2nd period - Stopped by Rick DiPietro without a rebound.
3:03 of 2nd period - Peter Mueller wins face-off versus Brooks Laich in Blue Jackets zone.
3:03 of 2nd period - Peter Mueller is hit by Mark Bell.
3:49 of 2nd period - Slapshot by Jarome Iginla.
3:49 of 2nd period - Shot Misses the Net.
3:51 of 2nd period - Slapshot by Anton Stralman.
3:51 of 2nd period - Shot Blocked by Ryan O'Byrne.
3:57 of 2nd period - Minor Penalty to Peter Worrell for High sticking.
3:58 of 2nd period - Brad Richards wins face-off versus David Booth in Blue Jackets zone.
5:45 of 2nd period - Mike York is hit by Marian Gaborik and loses puck.
5:56 of 2nd period - Dave Steckel is hit by Maxim Talbot and loses puck.
5:57 of 2nd period - Penalty to Peter Worrell is over, Peter Worrell is back on ice.
6:08 of 2nd period - Off-side.
6:09 of 2nd period - Brooks Laich wins face-off versus Andreas Nodl in neutral zone.
6:16 of 2nd period - Wrist shot by Brooks Laich.
6:16 of 2nd period - Stopped by Rick DiPietro with a rebound.
6:18 of 2nd period - Slapshot by Matt Donovan.
6:18 of 2nd period - Shot Misses the Net.
6:20 of 2nd period - Snap shot by Matt Donovan.
6:20 of 2nd period - Deflect By Ryan O'Byrne.
6:20 of 2nd period - Stopped by Rick DiPietro without a rebound.
6:21 of 2nd period - Peter Mueller wins face-off versus Nazem Kadri in Blue Jackets zone.
6:48 of 2nd period - Dave Steckel is hit by Brad Richards and loses puck.
6:57 of 2nd period - Wrist shot by Brad Richards.
6:57 of 2nd period - Shot Misses the Net.
7:21 of 2nd period - Kevin Porter is hit by Maxim Talbot and loses puck.
7:38 of 2nd period - Slapshot by Brooks Laich.
7:38 of 2nd period - Stopped by Rick DiPietro with a rebound.
7:42 of 2nd period - Snap shot by Enver Lisin.
7:42 of 2nd period - Shot Blocked by Torey Krug.
7:51 of 2nd period - Icing by Peter Mueller.
7:52 of 2nd period - Brad Richards wins face-off versus Peter Mueller in Blue Jackets zone.
8:27 of 2nd period - Slapshot by Torey Krug.
8:27 of 2nd period - Goal by Torey Krug - Coyotes : 3 - Blue Jackets : 1.
8:28 of 2nd period - Peter Mueller wins face-off versus Brad Richards in neutral zone.
8:55 of 2nd period - Mike Brown is hit by Zach Parise and loses puck.
9:22 of 2nd period - Maxim Talbot is hit by Kevin Porter and loses puck.
9:37 of 2nd period - Minor Penalty to A.J Thelen for Hooking.
9:38 of 2nd period - David Booth wins face-off versus Brad Richards in Blue Jackets zone.
9:51 of 2nd period - Snap shot by Tyler Ennis.
9:51 of 2nd period - Stopped by Rick DiPietro with a rebound.
11:37 of 2nd period - Penalty to A.J Thelen is over, A.J Thelen is back on ice.
11:51 of 2nd period - Snap shot by Peter Worrell.
11:51 of 2nd period - Shot Misses the Net.
12:03 of 2nd period - Peter Worrell is hit by Martin Samuelsson and loses puck.
12:30 of 2nd period - Wrist shot by Martin Samuelsson.
12:30 of 2nd period - Shot Blocked by Peter Worrell.
12:32 of 2nd period - Slapshot by Martin Samuelsson.
12:32 of 2nd period - Shot Misses the Net.
12:38 of 2nd period - Slapshot by Anton Stralman.
12:38 of 2nd period - Shot Blocked by Dave Steckel.
12:40 of 2nd period - Slapshot by Josh Gorges.
12:40 of 2nd period - Shot Blocked by Tim Ramholt.
12:42 of 2nd period - Backhand shot by Anton Stralman.
12:42 of 2nd period - Shot Misses the Net.
12:44 of 2nd period - Snap shot by Martin Samuelsson.
12:44 of 2nd period - Stopped by Rick DiPietro with a rebound.
12:46 of 2nd period - Slapshot by Martin Samuelsson.
12:46 of 2nd period - Stopped by Rick DiPietro without a rebound.
12:47 of 2nd period - Peter Mueller wins face-off versus Nazem Kadri in Blue Jackets zone.
12:54 of 2nd period - Snap shot by Martin Havlat.
12:54 of 2nd period - Shot Misses the Net.
12:56 of 2nd period - Snap shot by Martin Havlat.
12:56 of 2nd period - Shot Misses the Net.
12:58 of 2nd period - Slapshot by David Booth.
12:58 of 2nd period - Shot Misses the Net.
13:00 of 2nd period - Wrist shot by David Booth.
13:00 of 2nd period - Shot Blocked by Marian Gaborik.
13:02 of 2nd period - Slapshot by Peter Mueller.
13:02 of 2nd period - Shot Misses the Net.
13:14 of 2nd period - Branislav Mezei is hit by Brad Richards and loses puck.
14:27 of 2nd period - Snap shot by Tyler Ennis.
14:27 of 2nd period - Shot Blocked by Mike Commodore.
14:29 of 2nd period - Slapshot by Matt Donovan.
14:29 of 2nd period - Stopped by Rick DiPietro without a rebound.
14:30 of 2nd period - Kevin Porter wins face-off versus Tyler Ennis in Blue Jackets zone.
14:30 of 2nd period - Kevin Porter is hit by Brad Richards.
14:42 of 2nd period - Peter Mueller is hit by Nazem Kadri and loses puck.
15:45 of 2nd period - Martin Samuelsson is hit by Mike York.
16:02 of 2nd period - Anton Stralman is hit by Branislav Mezei and loses puck.
16:25 of 2nd period - Slapshot by Kristopher Letang.
16:25 of 2nd period - Shot Misses the Net.
17:38 of 2nd period - Ryan O'Byrne is hit by Michael Del Zotto and loses puck.
17:49 of 2nd period - Slapshot by Andreas Nodl.
17:49 of 2nd period - Shot Misses the Net.
19:11 of 2nd period - Wrist shot by Enver Lisin.
19:11 of 2nd period - Deflect By Tim Ramholt.
19:11 of 2nd period - Stopped by Rick DiPietro with a rebound.
19:17 of 2nd period - Mike Brown is hit by Mark Bell and loses puck.
19:36 of 2nd period - Wrist shot by Jarome Iginla.
19:36 of 2nd period - Stopped by Rick DiPietro without a rebound.
19:37 of 2nd period - Nazem Kadri wins face-off versus Peter Mueller in Blue Jackets zone.
19:40 of 2nd period - Wrist shot by Zach Parise.
19:40 of 2nd period - Stopped by Rick DiPietro without a rebound.
19:41 of 2nd period - Nazem Kadri wins face-off versus Mike York in Blue Jackets zone.
19:42 of 2nd period - Wrist shot by Marian Gaborik.
19:42 of 2nd period - Stopped by Rick DiPietro with a rebound.
Goals for this period are 0 for Coyotes vs 1 for Blue Jackets.
Shots for this period are 12 for Coyotes vs 5 for Blue Jackets.

3rd period


0:01 of 3rd period - Peter Mueller wins face-off versus Brad Richards in neutral zone.
0:21 of 3rd period - Minor Penalty to Branislav Mezei for Hooking.
0:22 of 3rd period - Brad Richards wins face-off versus David Booth in Blue Jackets zone.
1:35 of 3rd period - Michael Del Zotto is hit by Jeff Taffe and loses puck.
2:21 of 3rd period - Penalty to Branislav Mezei is over, Branislav Mezei is back on ice.
2:31 of 3rd period - Snap shot by Mike Brown.
2:31 of 3rd period - Shot Blocked by Martin Samuelsson.
4:17 of 3rd period - David Booth is hit by Maxim Talbot and loses puck.
4:45 of 3rd period - Wrist shot by Mike Brown.
4:45 of 3rd period - Deflect By Dave Steckel.
4:45 of 3rd period - Shot Misses the Net.
4:45 of 3rd period - Puck is out of play.
4:46 of 3rd period - Dave Steckel wins face-off versus Enver Lisin in Coyotes zone.
4:49 of 3rd period - Snap shot by Dave Steckel.
4:49 of 3rd period - Stopped by Cam Ward with a rebound.
4:51 of 3rd period - Wrist shot by Dave Steckel.
4:51 of 3rd period - Shot Misses the Net.
4:53 of 3rd period - Slapshot by Mike Brown.
4:53 of 3rd period - Shot Misses the Net.
4:55 of 3rd period - Slapshot by Tim Ramholt.
4:55 of 3rd period - Shot Misses the Net.
4:57 of 3rd period - Snap shot by Torey Krug.
4:57 of 3rd period - Deflect By Peter Worrell.
4:57 of 3rd period - Shot Misses the Net.
4:57 of 3rd period - Puck is out of play.
4:58 of 3rd period - Tyler Ennis wins face-off versus Kevin Porter in Coyotes zone.
5:02 of 3rd period - Off-side.
5:03 of 3rd period - Brad Richards wins face-off versus Kevin Porter in neutral zone.
5:08 of 3rd period - Branislav Mezei is hit by Greg Zanon and loses puck.
5:43 of 3rd period - Tyler Ennis is hit by Kevin Porter and loses puck.
5:51 of 3rd period - Minor Penalty to Branislav Mezei for Hooking.
5:52 of 3rd period - Nazem Kadri wins face-off versus David Booth in Blue Jackets zone.
5:54 of 3rd period - Slapshot by Marian Gaborik.
5:54 of 3rd period - Stopped by Rick DiPietro without a rebound.
5:55 of 3rd period - Nazem Kadri wins face-off versus David Booth in Blue Jackets zone.
6:02 of 3rd period - Slapshot by Michael Del Zotto.
6:02 of 3rd period - Stopped by Rick DiPietro without a rebound.
6:03 of 3rd period - Tyler Ennis wins face-off versus David Booth in Blue Jackets zone.
6:12 of 3rd period - Snap shot by Tyler Ennis.
6:12 of 3rd period - Stopped by Rick DiPietro with a rebound.
6:42 of 3rd period - Minor Penalty to Peter Worrell for Hooking.
6:43 of 3rd period - Brad Richards wins face-off versus David Booth in Blue Jackets zone.
6:51 of 3rd period - Snap shot by Jarome Iginla.
6:51 of 3rd period - Shot Misses the Net.
6:53 of 3rd period - Wrist shot by Jarome Iginla.
6:53 of 3rd period - Stopped by Rick DiPietro with a rebound.
6:55 of 3rd period - Slapshot by Brad Richards.
6:55 of 3rd period - Coyotes goal is going for a video replay.
6:55 of 3rd period - The goal is refused. The referee deems the play has been stopped, even if he had not physically had the opportunity to stop play by blowing his whistle..
6:56 of 3rd period - Brad Richards wins face-off versus David Booth in Blue Jackets zone.
7:01 of 3rd period - Snap shot by Brad Richards.
7:01 of 3rd period - Shot Misses the Net.
7:51 of 3rd period - Penalty to Branislav Mezei is over, Branislav Mezei is back on ice.
8:12 of 3rd period - Backhand shot by Mike York.
8:12 of 3rd period - Stopped by Cam Ward with a rebound.
8:42 of 3rd period - Penalty to Peter Worrell is over, Peter Worrell is back on ice.
8:52 of 3rd period - Backhand shot by Enver Lisin.
8:52 of 3rd period - Shot Misses the Net.
8:54 of 3rd period - Wrist shot by Enver Lisin.
8:54 of 3rd period - Deflect By Peter Worrell.
8:54 of 3rd period - Goal by Enver Lisin - Coyotes : 4 - Blue Jackets : 1.
8:55 of 3rd period - Dave Steckel wins face-off versus Nazem Kadri in neutral zone.
9:25 of 3rd period - Anton Stralman is hit by David Booth and loses puck.
9:32 of 3rd period - David Booth is hit by Nazem Kadri.
9:40 of 3rd period - Nazem Kadri is hit by Martin Havlat and loses puck.
9:59 of 3rd period - Michael Del Zotto is hit by Ryan O'Byrne.
10:16 of 3rd period - Minor Penalty to Dave Steckel for Roughing.
10:17 of 3rd period - David Booth wins face-off versus Brad Richards in Blue Jackets zone.
10:23 of 3rd period - Icing by Kristopher Letang.
10:24 of 3rd period - David Booth wins face-off versus Brad Richards in Coyotes zone.
10:27 of 3rd period - Slapshot by David Booth.
10:27 of 3rd period - Shot Misses the Net.
10:33 of 3rd period - Wrist shot by Brad Richards.
10:33 of 3rd period - Stopped by Rick DiPietro without a rebound.
10:34 of 3rd period - Brad Richards wins face-off versus David Booth in Blue Jackets zone.
10:59 of 3rd period - Martin Havlat is hit by Marian Gaborik.
12:16 of 3rd period - Penalty to Dave Steckel is over, Dave Steckel is back on ice.
13:21 of 3rd period - Wrist shot by Dave Steckel.
13:21 of 3rd period - Shot Blocked by Anton Stralman.
13:23 of 3rd period - Wrist shot by Andreas Nodl.
13:23 of 3rd period - Shot Misses the Net.
14:39 of 3rd period - Snap shot by Tyler Ennis.
14:39 of 3rd period - Stopped by Rick DiPietro with a rebound.
14:49 of 3rd period - Minor Penalty to Michael Del Zotto for Holding.
14:50 of 3rd period - Peter Mueller wins face-off versus Brad Richards in Coyotes zone.
15:13 of 3rd period - Snap shot by Peter Worrell.
15:13 of 3rd period - Stopped by Cam Ward with a rebound.
15:15 of 3rd period - Wrist shot by Mike Brown.
15:15 of 3rd period - Shot Blocked by Martin Samuelsson.
15:17 of 3rd period - Snap shot by Dave Steckel.
15:17 of 3rd period - Goal by Dave Steckel - Coyotes : 4 - Blue Jackets : 2.
15:18 of 3rd period - Brad Richards wins face-off versus David Booth in neutral zone.
17:18 of 3rd period - Josh Gorges is hit by Dave Steckel and loses puck.
17:34 of 3rd period - Kevin Porter is hit by Maxim Talbot and loses puck.
17:49 of 3rd period - Mike Commodore is hit by Tyler Ennis and loses puck.
18:28 of 3rd period - Peter Worrell is hit by Brad Richards and loses puck.
18:42 of 3rd period - Icing by Michael Del Zotto.
18:43 of 3rd period - Dave Steckel wins face-off versus Nazem Kadri in Coyotes zone.
18:44 of 3rd period - Snap shot by Andreas Nodl.
18:44 of 3rd period - Stopped by Cam Ward with a rebound.
18:46 of 3rd period - Backhand shot by Peter Mueller.
18:46 of 3rd period - Shot Misses the Net.
18:48 of 3rd period - Backhand shot by François Beauchemin.
18:48 of 3rd period - Shot Blocked by Josh Gorges.
18:48 of 3rd period - Josh Gorges from Coyotes is injured at 18:48 of 3rd period (Sore Left Knee).
18:49 of 3rd period - Brad Richards wins face-off versus David Booth in Coyotes zone.
19:00 of 3rd period - Jarome Iginla is hit by Branislav Mezei and loses puck.
19:29 of 3rd period - Slapshot by Anton Stralman.
19:29 of 3rd period - Deflect By Mark Bell.
19:29 of 3rd period - Stopped by Rick DiPietro with a rebound.
19:59 of 3rd period - Michael Del Zotto is hit by Kevin Porter and loses puck.
Goals for this period are 1 for Coyotes vs 1 for Blue Jackets.
Shots for this period are 9 for Coyotes vs 5 for Blue Jackets.